 Dungeon Crawl Stone Soup version 0.29-a0-275-g389c0b56f3 (webtiles) character file.

Game seed: 6237620034901538901

14 Tocho the Grave Robber (level 2, -1/19 HPs)
             Began as a Vampire Necromancer on Mar 10, 2022.
             Succumbed to a goblin's poison
             ... on level 1 of the Dungeon.
             The game lasted 00:01:30 (429 turns).

Tocho the Grave Robber (Vampire Necromancer)         Turns: 429, Time: 00:01:31

Health: -1/19      AC:  2    Str:  7    XL:     2   Next: 31%
Magic:  5/5        EV: 12    Int: 17    God:
Gold:   5          SH:  0    Dex: 14    Spells: 3/5 levels left

rFire   . . .      SeeInvis +   i - +0 short sword
rCold   . . .      Faith    .   (no shield)
rNeg    . . .      Spirit   .   a - +0 robe
rPois   .          Reflect  .   (no helmet)
rElec   .          Harm     .   (no cloak)
rCorr   .          Rampage  .   (no gloves)
Will    .....                   (no boots)
Stlth   ++........              (no amulet)
HPRegen 0.26/turn               (no ring)
MPRegen 0.09/turn               (no ring)

@: lethally poisoned (-1 -> -22), healing quickly
A: alive, fangs 3, see invisible, vampiric 1
a: Exsanguinate


You were on level 1 of the Dungeon.
You visited 1 branch of the dungeon, and saw 1 of its levels.

You collected 5 gold pieces.

Inventory:

Hand Weapons
 f - a +0 hunting sling
 i - a +0 short sword (weapon)
Armour
 a - a +0 robe (worn)
Scrolls
 d - a scroll of noise {unknown}
 e - a scroll of vulnerability {unknown}
 g - a scroll of immolation {unknown}
Potions
 b - a potion of magic
 c - 3 potions of heal wounds {unknown}
 h - 2 potions of curing {unknown}


   Skills:
 + Level 2.2 Dodging
 + Level 3.0 Stealth
 + Level 2.1 Spellcasting
 + Level 4.9 Necromancy


You had 3 spell levels left.
You knew the following spells:

 Your Spells              Type           Power      Damage    Failure   Level
a - Pain                  Necr           72%        1d7       2%          1
b - Animate Skeleton      Necr           36%        N/A       2%          1

Your spell library contained the following spells:

 Spells                   Type           Power      Damage    Failure   Level
 Vampiric Draining        Necr           18%        2d7       8%          3
 Animate Dead             Necr           9%         N/A       26%         4
 Agony                    Necr           18%        N/A       56%         5


Dungeon Overview and Level Annotations

Branches:
Dungeon (1/15)

Altars:

Shops:
D:1 =


Innate Abilities, Weirdness & Mutations

Your natural rate of healing is accelerated.
You have razor-sharp teeth.
You have supernaturally acute eyesight. (SInv)
You are afflicted with vampirism.


Message History

Okay, then.
Aiming: Pain (safe; 2% risk of failure)
Press: ? - help, Q - select action, (/) - cycle Shift-Dir - straight line, f/p - dart slug
Aim: a dart slug (chance to affect: 88%)
The dart slug writhes in agony.
The dart slug launches a dart at you. The slug dart misses you.
Aiming: Pain (safe; 2% risk of failure)
Press: ? - help, Q - select action, (/) - cycle Shift-Dir - straight line, f/p - dart slug
Aim: a dart slug (severely wounded, chance to affect: 88%)
The dart slug barely resists.
Aiming: Pain (safe; 2% risk of failure)
Press: ? - help, Q - select action, (/) - cycle Shift-Dir - straight line, f/p - dart slug
Aim: a dart slug (severely wounded, chance to affect: 88%)
The dart slug writhes in agony.
You kill the dart slug!
There is an open door here.
c - 3 fuming amethyst potions (gained 2)
A kobold comes into view. It is wielding a +0 whip.
A kobold is nearby!
The kobold shouts!
A goblin comes into view. It is wielding a +1 dagger of venom.
The kobold closely misses you.
You miss the kobold. The kobold closely misses you. x2
You hit the goblin.
The goblin is heavily wounded.
The goblin completely misses you. The kobold hits you with a +0 whip.
You hit the goblin.
The goblin is severely wounded.
The kobold hits you with a +0 whip.
The goblin hits you with a +1 dagger of venom.
You are poisoned.
You barely miss the goblin. Your bite misses the goblin.
The goblin is severely wounded.
You feel very sick.
The goblin hits you with a +1 dagger of venom.
You are more poisoned.
The kobold hits you with a +0 whip.
* * * LOW HITPOINT WARNING * * *
You die...

.. ♣♣♣♣.P# #.....#...#..#..#.
.
P.♣♣....####.#......#...#...#
♣P..........#..........#....
P♣PP.#.#....................
.P....#.#.#####.#............
#...#.#.#.# ..# ......#######
.....#.#.#.# #.# ......
######.#.#.###.# ...>..
#.#...@g#.......
#.####......... #..
+..K...... ### #.........
#.♣♣♣♣♣♣♣♣ #.♣ #.. #.♣ #.♣


You could see a goblin and a kobold.

Vanquished Creatures
  2 dart slugs (D:1)
  2 ball pythons (D:1)
  2 endoplasms (D:1)
  2 hobgoblins (D:1)
  A kobold (D:1)
  A rat (D:1)
10 creatures vanquished.

Notes
Turn   | Place    | Note
-------+----------+-------------------------------------------
     0 | D:1      | Tocho the Vampire Necromancer began the quest for the Orb.
     0 | D:1      | Reached XP level 1. HP: 13/13 MP: 3/3
    50 | D:1      | Learned a level 1 spell: Animate Skeleton
   234 | D:1      | Reached XP level 2. HP: 19/19 MP: 5/5
   329 | D:1      | Found Laacs's Jewellery Shoppe.
   429 | D:1      | Succumbed to a goblin's poison

Illustrated notes

Levels and vault maps discovered:
D:1:      minmay_arrival_radiant_lines, layout_basic, serial_forest,
          infiniplex_forest_clump_cross, infiniplex_forest_lined_2,
          infiniplex_forest_clump_cross, infiniplex_forest_clump_medium,
          infiniplex_forest_pool, infiniplex_forest_lined_room_,
          infiniplex_forest_straight_5, infiniplex_forest_end_2,
          infiniplex_forest_end_double, serial_shops, shop

Action                   || total
-------------------------++-------
Melee: Unarmed           ||     9
       Short sword       ||     8
       Bite              ||     1
 Cast: Pain              ||    15
       Animate Skeleton  ||     2
 Stab: Sleeping          ||     1
Armor: Robe              ||     1
Dodge: Dodged            ||    14

Table legend: (Time is in decaauts)
 A = Elapsed time spent in this place.
 B = Non-inter-level travel time spent in this place.
 C = Inter-level travel time spent in this place.
 D = Time resting spent in this place.
 E = Time spent auto-exploring this place.
 F = Levels seen in this place.
 G = Mean time per level.
                   A        B        C        D        E       F      G
               +--------+--------+--------+--------+--------+-----+--------+
         Total |    429 |    429 |      0 |      0 |    311 |   1 |  429.0 |
       Dungeon |    429 |    429 |      0 |      0 |    311 |   1 |  429.0 |
               +--------+--------+--------+--------+--------+-----+--------+

Top non-repeatable levels by time:
     D:1: 429 daAuts
